 Dungeon Crawl Stone Soup version 0.22.1-1-ga44c0e5 (webtiles) character file.

8022 Lavandula the Severer (level 11, -3/82 HPs)
             Began as a Centaur Berserker on Nov 4, 2018.
             Was an Elder of Trog.
             Slain by a komodo dragon (17 damage)
             ... on level 11 of the Dungeon on Nov 5, 2018.
             The game lasted 00:30:16 (5424 turns).

Lavandula the Severer (Centaur Berserker)           Turns: 5424, Time: 00:30:17

Health: -3/82      AC: 14    Str: 23    XL:     11   Next: 4%
Magic:  11/11      EV:  7    Int:  6    God:    Trog [****..]
Gold:   804        SH:  0    Dex:  9    Spells: 10/10 levels left

rFire    . . .     SeeInvis .   p - +1 spear (venom)
rCold    . . .     Gourm    .   (no shield)
rNeg     + . .     Faith    .   e - +0 ring mail
rPois    .         Spirit   .   A - +1 helmet
rElec    .         Reflect  .   k - +1 cloak
rCorr    .         Harm     .   (no gloves)
MR       +....                  U - +0 centaur barding (curse)
Stlth    ..........             (no amulet)
HPRegen  0.23/turn              N - ring of positive energy
MPRegen  0.12/turn              F - ring of protection from magic

@: lethally poisoned (-3 -> -5), berserk cooldown, slowed
A: large, hooves 3, deformed body, speed 2, tough skin 3
a: Berserk, Trog's Hand, Brothers in Arms, Renounce Religion


You were on level 11 of the Dungeon.
You worshipped Trog.
Trog was greatly pleased with you.
You were not hungry.

You visited 1 branch of the dungeon, and saw 12 of its levels.
You also visited: Bailey.

You collected 867 gold pieces.
You spent 63 gold pieces at shops.

Inventory:

Hand Weapons
 a - a +0 war axe
 i - the +10 great sword of Hard Scrabble {slice, rElec rF- Int+4, unknown}
   (You found it in a bailey)

   It inflicts extra damage upon your enemies.
   It affects your intelligence (+4).
   It makes you vulnerable to fire.
   It insulates you from electricity.
 n - a +0 hand axe of flaming
 o - a +0 whip of electrocution
 p - a +1 spear of venom (weapon)
 x - a +0 battleaxe
 y - a +3 war axe
 Q - a +0 antimagic war axe
Missiles
 q - 40 tomahawks of returning (quivered)
 H - a throwing net
 P - 7 javelins
Armour
 b - a +0 animal skin
 e - a +0 ring mail (worn)
 k - a +1 cloak (worn)
 A - a +1 helmet (worn)
 U - a cursed +0 centaur barding (worn)
Magical Staves
 B - an uncursed staff of energy {unknown}
Jewellery
 f - an uncursed ring of flight
 v - an uncursed ring of ice
 F - a ring of protection from magic (right hand)
 L - an uncursed ring of ice
 N - a ring of positive energy (left hand)
Wands
 r - a wand of disintegration (6)
 I - a wand of digging (19)
 O - a wand of random effects (22)
 R - a wand of polymorph (17)
Scrolls
 d - 2 scrolls of blinking
 g - 6 scrolls of remove curse
 l - 2 scrolls of teleportation
 m - a scroll of enchant weapon
 u - a scroll of vulnerability {unknown}
 C - 2 scrolls of amnesia
 E - 3 scrolls of fog
 J - a scroll of acquirement {unknown}
 M - a scroll of silence {unknown}
 T - a scroll of immolation {unknown}
 V - a scroll of fear {unknown}
Potions
 h - 3 potions of flight
 j - 2 potions of heal wounds
 s - a potion of mutation {unknown}
 t - 4 potions of curing
 w - 2 potions of brilliance {unknown}
 z - a potion of might {unknown}
 D - 2 potions of haste {unknown}
 G - 2 potions of agility {unknown}
 K - a potion of cancellation {unknown}
Comestibles
 c - 12 rations
 S - 6 chunks of flesh


   Skills:
 - Level 3.0 Fighting
 + Level 15.0 Axes
 - Level 1.4 Armour
 - Level 1.4 Dodging


You had 10 spell levels left.
You didn't know any spells.
Your spell library contained the following spells:

 Spells                   Type           Power        Failure   Level  Hunger
 Corona                   Hex            #......      61%         1    ##.....
 Magic Dart               Conj           #...         61%         1    ##.....
 Summon Small Mammal      Summ           #...         61%         1    ##.....
 Blink                    Tloc           N/A          75%         2    ###....
 Call Imp                 Summ           #.......     75%         2    ###....
 Slow                     Hex            #.......     75%         2    ###....
 Call Canine Familiar     Summ           #.......     93%         3    ####...
 Conjure Flame            Conj/Fire      #.......     93%         3    ####...
 Inner Flame              Hex/Fire       #.......     93%         3    ####...
 Mephitic Cloud           Conj/Pois/Air  #.......     93%         3    ####...
 Portal Projectile        Hex/Tloc       #.....       93%         3    ####...
 Summon Guardian Golem    Hex/Summ       #.......     93%         3    ####...
 Cause Fear               Hex            #.........   100%        4    #####..
 Leda's Liquefaction      Hex/Erth       #.........   100%        4    #####..
 Summon Ice Beast         Ice/Summ       #.......     100%        4    #####..
 Summon Lightning Spire   Summ/Air       #.......     100%        4    #####..
 Haunt                    Necr/Summ      #.........   100%        7    #######
 Borgnjor's Revivificati  Necr           #.........   100%        8    #######
 Death's Door             Chrm/Necr      #.........   100%        8    #######
 Infestation              Necr           #.........   100%        8    #######
 Necromutation            Tmut/Necr      #.........   100%        8    #######


Dungeon Overview and Level Annotations

Branches:
Dungeon (12/15)            Temple (0/1) D:6            Lair (0/6) D:11
    Orc: D:9-12

Altars:
Cheibriados
Xom

Shops:
D:7 :   D:8 [


Innate Abilities, Weirdness & Mutations

You have hooves in place of feet.
Armour fits poorly on your strangely shaped body.
You cover ground very quickly.
You have extremely tough skin. (AC +3)


Message History

A komodo dragon comes into view.
The komodo dragon hisses angrily.
Wield which item (- for none, * to show all)? (? for menu, Esc to quit)
Your +1 spear of venom begins to drip with poison!
p - a +1 spear of venom (weapon)
You feel sick.
Put on which piece of jewellery? (? for menu, Esc to quit)
Okay, then.
You feel sick.
You feel sick.
You are too injured to fight recklessly!
Attack whom?
Press: ? - help, Dir - move target cursor, f - komodo dragon
Aim: a komodo dragon You reach to attack!
You hit the komodo dragon but do no damage.
The komodo dragon is poisoned.
You feel sick.
You feel sick. The komodo dragon bites you!
You die...

............. ......###
......).....# ##### .###
....#######.. ############....
....# #####...........##### ..(.#
####8................... ....#
###..#.!.................. ....#
##....#.....#########......
....###.....##.l###.......####...
.............#..@.....)......###.
....#........#........8[.......#.
##..##.......###..............†#.
##..###........####.......###).##
##..####..........#########.....#
##.....###.........[............#
##...#.# ###...................8#
##...#.##########...........#####
.....#.........##############


You could see a komodo dragon.

Vanquished Creatures
  A two-headed ogre (D:9)
  Urug (D:10)
  Pikel (D:5)
  An ugly thing (D:11)
  A troll (D:11)
  2 hippogriffs
  A wraith (D:11)
  A wyvern (D:10)
  Edmund (D:6)
  7 orc warriors
  3 ice beasts
  4 slaves
  A sky beast (D:10)
  A black bear (D:9)
  A phantom (D:5)
  4 ogres
  2 centaurs
  A crocodile (D:9)
  7 bullfrogs
  A big kobold (D:8)
  A gnoll sergeant (D:9)
  A scorpion (D:7)
  18 killer bees
  3 wights (D:9)
  4 howler monkeys
  8 crimson imps
  2 quasits
  A jelly (D:7)
  4 hounds
  4 orc priests
  3 bullfrog skeletons
  Jessica (D:3)
  3 iguanas
  Ijyb (D:5)
  6 orc wizards
  6 worker ants
  12 gnolls
  9 adders
  3 shadow imps
  An adder skeleton (D:5)
  A worm (D:4)
  A dart slug (D:2)
  3 leopard geckos
  21 orcs
  3 giant cockroaches (D:3)
  6 goblins
  7 hobgoblins
  3 jackals (D:3)
  22 kobolds
  A quokka (D:9)
  4 ball pythons
  2 bats (D:2)
  2 frilled lizards (D:2)
  A jackal skeleton (D:6)
  A quokka zombie (D:7)
  5 rats
216 creatures vanquished.

Notes
Turn   | Place    | Note
-------+----------+-------------------------------------------
     0 | D:1      | Lavandula the Centaur Berserker began the quest for the
                  | Orb.
     0 | D:1      | Reached XP level 1. HP: 19/19 MP: 1/1
    41 | D:3      | Reached skill level 3 in Axes
    66 | D:3      | Reached XP level 2. HP: 19/26 MP: 2/2
   157 | D:3      | Reached XP level 3. HP: 10/31 MP: 3/3
   235 | D:2      | Noticed a bullfrog
   240 | D:2      | Reached skill level 4 in Axes
   242 | D:2      | Killed a bullfrog
   242 | D:2      | Reached XP level 4. HP: 14/38 MP: 4/4
   291 | D:2      | Reached ** piety under Trog
   349 | D:2      | Reached skill level 5 in Axes
   528 | D:3      | Reached XP level 5. HP: 15/45 MP: 5/5
   635 | D:3      | Noticed Jessica
   649 | D:3      | Killed Jessica
   924 | D:4      | Noticed a centaur
   936 | D:4      | Killed a centaur
   936 | D:4      | Reached skill level 6 in Axes
  1017 | D:4      | Reached XP level 6. HP: 48/51 MP: 6/6
  1185 | D:4      | Reached skill level 7 in Axes
  1261 | D:5      | Entered Level 5 of the Dungeon
  1261 | D:5      | Noticed Pikel
  1261 | D:5      | Noticed a slave
  1261 | D:5      | Noticed a slave
  1261 | D:5      | Noticed a slave
  1261 | D:5      | Noticed a slave
  1262 | D:5      | Noticed Ijyb
  1287 | D:4      | Killed a slave
  1361 | D:5      | Killed Ijyb
  1362 | D:5      | Killed a slave
  1365 | D:5      | Killed a slave
  1367 | D:5      | Killed a slave
  1371 | D:5      | Killed Pikel
  1371 | D:5      | Reached skill level 8 in Axes
  1371 | D:5      | Reached XP level 7. HP: 14/57 MP: 7/7
  1386 | D:5      | Reached skill level 9 in Axes
  1386 | D:5      | Reached XP level 8. HP: 9/63 MP: 8/8
  1559 | D:6      | Noticed Edmund
  1611 | D:6      | Killed Edmund
  1676 | D:5      | You fall through a shaft for 3 floors!
  1768 | D:7      | Reached skill level 10 in Axes
  1869 | D:8      | Found a flagged portal.
  1893 | D:8      | Reached *** piety under Trog
  1897 | D:8      | Reached skill level 11 in Axes
  1897 | D:8      | Reached XP level 9. HP: 28/69 MP: 9/9
  1910 | Bailey   | Entered a bailey
  2329 | Bailey   | Got a warped great sword
  2622 | D:8      | Found Huthohin's Armour Boutique.
  2630 | D:8      | Bought a +0 helmet for 63 gold pieces
  2675 | D:8      | Reached skill level 12 in Axes
  2807 | D:7      | Found Daos's Book Emporium.
  2818 | D:7      | Reached **** piety under Trog
  2890 | D:6      | Found a snail-covered altar of Cheibriados.
  3329 | D:6      | Found a staircase to the Ecumenical Temple.
  3509 | D:6      | Reached skill level 13 in Axes
  3526 | D:6      | Reached XP level 10. HP: 42/77 MP: 10/10
  4064 | D:10     | Entered Level 10 of the Dungeon
  4108 | D:9      | Noticed a two-headed ogre
  4128 | D:9      | Killed a two-headed ogre
  4372 | D:10     | Noticed Urug
  4401 | D:9      | Found a shimmering altar of Xom.
  4411 | D:9      | Reached skill level 14 in Axes
  4721 | D:10     | Killed Urug
  5297 | D:11     | Found a staircase to the Lair.
  5352 | D:11     | Noticed a green ugly thing
  5389 | D:11     | Killed a green ugly thing
  5390 | D:11     | Reached skill level 15 in Axes
  5391 | D:11     | Reached XP level 11. HP: 80/82 MP: 11/11
  5424 | D:11     | Slain by a komodo dragon

Skill      XL: |  1  2  3  4  5  6  7  8  9 10 |
---------------+-------------------------------+-----
Axes           | 3 4 5 6 8 9 11 13 15 | 15.0
Fighting       | |  3.0
Armour         | |  1.4
Dodging        | |  1.4

Action                   |  1- 3 |  4- 6 |  7- 9 | 10-12 || total
-------------------------+-------+-------+-------+-------++-------
Melee: Hand axe          |    39 |   104 |    33 |       ||   176
       Kick              |     5 |    29 |    46 |    47 ||   127
       Spear             |       |    14 |   162 |   125 ||   301
       Whip              |       |       |     6 |       ||     6
       War axe           |       |       |   105 |   106 ||   211
Throw: Tomahawk          |       |       |     3 |     4 ||     7
Invok: Berserk           |     2 |     5 |     3 |     4 ||    14
       Trog's Hand       |       |     4 |     3 |     4 ||    11
Evoke: Wand              |       |       |     5 |     1 ||     6
  Use: Potion            |     1 |       |     3 |       ||     4
       Scroll            |       |     5 |     9 |     1 ||    15
 Stab: Distracted        |       |       |       |     1 ||     1
  Eat: Chunk             |       |     4 |     7 |    11 ||    22
       Ration            |       |     1 |     1 |       ||     2
Armor: Animal skin       |    11 |     8 |       |       ||    19
       Ring mail         |       |    23 |    83 |    84 ||   190
Dodge: Dodged            |    20 |    36 |   115 |    63 ||   234
